 Dungeon Crawl Stone Soup version 0.30-a0-632-g346586fe48 (webtiles) character file.

Game seed: 1187990414409678031

400 bmack86 the Chopper (level 6, -1/55 HPs)
             Began as a Minotaur Fighter on Jan 14, 2023.
             Killed by divine providence
             ... invoked by an orc priest
              (16 damage)
             ... on level 4 of the Dungeon.
             The game lasted 00:08:20 (2938 turns).

bmack86 the Chopper (Minotaur Fighter)              Turns: 2938, Time: 00:08:21

Health: -1/55      AC: 13    Str: 25    XL:     6   Next: 54%
Magic:  5/5        EV: 14    Int:  5    God:
Gold:   55         SH:  4    Dex:  9    Spells: 5/5 levels left

rFire   x . .      SeeInvis .    a - +1 war axe
rCold   + + .      Faith    .    c - +0 buckler
rNeg    + . .      Spirit   .    u - +0 ice dragon scales
rPois   .          Reflect  .    (helmet restricted)
rElec   .          Harm     .    h - +0 cloak "Plog" {rN+ Str+2}
rCorr   .          Rampage  .    e - +0 pair of gloves
Will    .....                    (no boots) Stlth
                                 (no amulet)
HPRegen 0.29/turn                n - +5 ring of evasion
MPRegen 0.09/turn                (no ring)

@: no status effects
A: horns 2, retaliatory headbutt
a: no special abilities


You were on level 4 of the Dungeon.
You visited 1 branch of the dungeon, and saw 4 of its levels.

You collected 170 gold pieces.
You spent 115 gold pieces at shops.

Inventory:

Hand Weapons
 a - a +1 war axe (weapon)
Missiles
 m - 12 poisoned darts (quivered)
Armour
 b - a +0 scale mail
 c - a +0 buckler (worn)
 e - a +0 pair of gloves (worn)
 h - the +0 cloak "Plog" (worn) {rN+ Str+2}
   (You found it on level 4 of the Dungeon)

   Str:       It affects your strength (+2).
   rN:        It protects you from negative energy.
 u - +0 ice dragon scales (worn)
 x - a scarf of resistance
 A - a +0 cloak
Jewellery
 n - a +5 ring of evasion (left hand)
 z - a ring of ice
 D - a ring of see invisible
Scrolls
 d - a scroll of poison {unknown}
 l - a scroll of teleportation
 r - a scroll of brand weapon
 t - 2 scrolls of immolation
Potions
 f - a potion of cancellation
 g - a potion of mutation {unknown}
 k - 2 potions of attraction
 o - a potion of berserk rage {unknown}
 q - 2 potions of flight {unknown}
 w - a potion of curing {unknown}
 B - a potion of heal wounds {unknown}
 C - a potion of magic {unknown}


   Skills:
 + Level 4.9 Fighting
 * Level 5.4 Axes
 + Level 2.2 Throwing
 + Level 4.9 Armour
 + Level 4.9 Shields


You had 5 spell levels left.
You didn't know any spells.
Your spell library contained the following spells:

 Spells                   Type           Power      Damage    Failure   Level
 Apportation              Tloc           0%         N/A       88%         1
 Cigotuvi's Dreadful Rot  Necr/Pois/Air  0%         N/A       95%         2
 Poisonous Vapours        Pois/Air       0%         N/A       95%         2
 Mephitic Cloud           Conj/Pois/Air  0%         N/A       99%         3
 Alistair's Intoxication  Tmut/Pois      0%         N/A       100%        5


Dungeon Overview and Level Annotations

Branches:
Dungeon (4/15)
 Temple: D:4-7

Altars:

Shops:
D:3 ?


Innate Abilities, Weirdness & Mutations

You have a pair of horns on your head.
You reflexively headbutt those who attack you in melee.


Message History

Beogh smites you!
The orc priest calls down the wrath of Beogh upon you.
Beogh smites you!
You hit the orc.
The orc is moderately wounded.
You barely miss the orc priest. The orc priest closely misses you.
You furiously retaliate!
You headbutt the orc priest! The orc hits you but does no damage.
The orc priest invokes the aid of Beogh against you.
Beogh smites you!
The orc priest calls down the wrath of Beogh upon you.
Pain shoots through your body!
Found 7 stones.
The orc priest hits you but does no damage.
You block the orc's attack. The orc priest barely misses you.
You furiously retaliate!
You headbutt the orc priest. The orc barely misses you.
You completely miss the orc priest.
The orc priest is severely wounded.
You barely miss the orc. You slash the orc!
You kill the orc!
You closely miss the orc priest. You block the orc priest's attack.
The orc hits you but does no damage. The orc priest misses you.
You slash the orc priest!
You kill the orc priest!
You closely miss the orc priest. You closely miss the orc.
The orc hits you with a +0 whip.
The orc priest hits you but does no damage.
You barely miss the orc priest.
The orc priest is lightly wounded.
You hit the orc. The orc misses you.
The orc priest invokes the aid of Beogh against you.
Beogh smites you!
* * * LOW HITPOINT WARNING * * *
You closely miss the orc priest. You headbutt the orc priest.
The orc priest is heavily wounded.
You barely miss the orc.
The orc priest calls down the wrath of Beogh upon you.
Beogh smites you!
You die...

,,,,,,,,,,*,,>,,,,,,*
,,****,,,.##.#...^.(##
,,**,,,..............*
,,,*,,,...#.........#*
,,,,,,,.............#
**,,,,,,...........###
*,,,,,..#........##.#
**,,,,>.#......o.#..###
***,,,,#.......)@o.....#
*,,,,,,##.....))......##
,,,,,**#..............# ***
,***** #...........#..##
******,* ,*
##..........#...#**,,,,,,, ,*
#..............#*,,,,,,,, ,****
##..............#*,,,*,,,,
,**,**
#................,,*,*,,**
,,,,,**##.##............,,*,,,,*


You could see an orc priest and an orc.

Vanquished Creatures
  A steam dragon (D:4)
  2 orc priests (D:4)
  2 iguanas (D:4)
  An orc wizard (D:4)
  2 adders
  A gnoll (D:1)
  A worm (D:4)
  A dart slug (D:4)
  5 orcs
  4 ball pythons
  8 endoplasms
  2 giant cockroaches (D:3)
  7 goblins
  8 hobgoblins
  6 jackals
  2 quokkas
  6 bats
  2 frilled lizards (D:1)
  6 kobolds
  6 rats
73 creatures vanquished.

Vanquished Creatures (collateral kills)
  An iguana (D:4)
1 creature vanquished.

Vanquished Creatures (others)
  A fungus (D:2)
  A plant (D:2)
2 creatures vanquished.

Grand Total: 76 creatures vanquished

Notes
Turn   | Place    | Note
-------+----------+-------------------------------------------
     0 | D:1      | bmack86 the Minotaur Fighter began the quest for the Orb.
     0 | D:1      | Reached XP level 1. HP: 19/19 MP: 0/0
   130 | D:1      | Reached XP level 2. HP: 27/27 MP: 1/1
   177 | D:1      | Reached skill level 3 in Axes
   674 | D:1      | Reached XP level 3. HP: 28/33 MP: 2/2
   990 | D:2      | Found a faded altar of an unknown god.
  1908 | D:3      | Found Garo's Magic Scroll Emporium.
  1914 | D:3      | Bought a scroll of identify for 20 gold pieces
  2020 | D:3      | Bought a scroll of brand weapon for 95 gold pieces
  2068 | D:3      | Identified the +5 mace of the Traitor {heavy, rF+ rC+ rN+
                  | Int-3}
  2204 | D:3      | Reached XP level 4. HP: 39/40 MP: 3/3
  2265 | D:3      | Reached skill level 1 in Throwing
  2579 | D:4      | Reached skill level 4 in Axes
  2580 | D:4      | Reached XP level 5. HP: 44/47 MP: 4/4
  2610 | D:4      | Identified the +0 cloak "Plog" {rN+ Str+2}
  2786 | D:4      | Noticed a steam dragon
  2795 | D:4      | Killed a steam dragon
  2796 | D:4      | Reached skill level 5 in Axes
  2796 | D:4      | Reached XP level 6. HP: 27/55 MP: 5/5
  2938 | D:4      | Killed from afar by an orc priest

Illustrated notes

Levels and vault maps discovered:
D:1:      dpeg_arrival_long_road, layout_basic, chequers_serial_rivers_micro_a,
          minmay_pentomino_s2
D:2:      layout_basic, shapermc_ecumenical_altar_mp_urbaneastern,
          chequers_garden
D:3:      layout_loops_ring, serial_shops, shop
D:4:      layout_cave_pools

Skill      XL: |  1  2  3  4  5 |
---------------+----------------+-----
Axes           | 3 4 5 |  5.4
Fighting       | 4 |  4.9
Armour         | 4 |  4.9
Shields        | 4 |  4.9
Throwing       | 1 2 |  2.2

Action                   |  1- 3 |  4- 6 || total
-------------------------+-------+-------++-------
Melee: War axe           |    86 |    54 ||   140
       Headbutt          |    13 |     7 ||    20
  Use: Scroll            |     3 |     8 ||    11
       Potion            |       |     1 ||     1
Armor: Scale mail        |    20 |       ||    20
       Ice dragon scales |    16 |    28 ||    44
Dodge: Dodged            |    73 |    46 ||   119
Block: Buckler           |    27 |    12 ||    39

Table legend: (Time is in decaauts)
 A = Elapsed time spent in this place.
 B = Non-inter-level travel time spent in this place.
 C = Inter-level travel time spent in this place.
 D = Time resting spent in this place.
 E = Time spent auto-exploring this place.
 F = Levels seen in this place.
 G = Mean time per level.
                   A        B        C        D        E       F      G
               +--------+--------+--------+--------+--------+-----+--------+
         Total |   2987 |   2896 |     91 |    203 |   1838 |   4 |  746.8 |
       Dungeon |   2987 |   2896 |     91 |    203 |   1838 |   4 |  746.8 |
               +--------+--------+--------+--------+--------+-----+--------+

Top non-repeatable levels by time:
     D:2: 1012 daAuts
     D:1: 845 daAuts
     D:3: 700 daAuts
     D:4: 428 daAuts
